 Dungeon Crawl Stone Soup version 0.17-a0-2101-g0c122e7 (webtiles) character file.

44 Kidiri the Firebug (level 3, 0/20 HPs)
             Began as a Deep Elf Fire Elementalist on Oct 18, 2015.
             Slain by Natasha (6 damage)
             ... on level 2 of the Dungeon.
             The game lasted 00:07:22 (1484 turns).

Kidiri the Firebug (Deep Elf Fire Elementalist)     Turns: 1484, Time: 00:07:22

Health: 0/20       AC:  5    Str:  5    XL:     3   Next: 39%
Magic:  3/9        EV: 18    Int: 20    God:
Gold:   57         SH:  0    Dex: 20    Spells: 3 memorised, 2 levels left

rFire  . . .     SeeInvis .     m - +0 spear
rCold  . . .     Clarity  .     j - +0 leather armour
rNeg   . . .     SustAt   .     (no shield)
rPois  .         Gourm    .     (no helmet)
rElec  .         Spirit   .     (no cloak)
rCorr  .         Warding  .     l - +1 pair of gloves
rMut   .         Stasis   .     (no boots)
MR     .....                    (no amulet)
Stlth  ++++......               (no ring)
                                f - ring of stealth

@: agile, very slightly contaminated, not resistant to hostile enchantments,
stealthy
A: no striking features
a: no special abilities


You were on level 2 of the Dungeon.
You were not hungry.

You visited 1 branch of the dungeon, and saw 2 of its levels.

You collected 57 gold pieces.

Inventory:

Hand Weapons
 m - a +0 spear (weapon)
Armour
 a - a +0 chain mail
 j - a +0 leather armour (worn)
 l - a +1 pair of gloves (worn)
Jewellery
 f - a ring of stealth (left hand)
Potions
 d - a potion of agility
 e - a potion of heal wounds {unknown}
 g - a potion of mutation {unknown}
 k - a potion of curing
Books
 b - a book of Flames

   Spells                             Type                      Level
   a - Flame Tongue                   Conjuration/Fire             1
   b - Throw Flame                    Conjuration/Fire             2
   c - Conjure Flame                  Conjuration/Fire             3
   d - Inner Flame                    Hexes/Fire                   3
   e - Sticky Flame                   Conjuration/Fire             4
   f - Fireball                       Conjuration/Fire             5
Comestibles
 c - 2 bread rations
 h - 2 chunks of flesh


   Skills:
 + Level 0.4 Fighting
 + Level 0.2 Polearms
 * Level 1.0 Armour
 + Level 2.9 Dodging
 + Level 2.8 Stealth
 * Level 3.4 Spellcasting
 + Level 1.3 Conjurations
 + Level 3.4 Fire Magic


You had 2 spell levels left.
You knew the following spells:

 Your Spells              Type           Power        Failure   Level  Hunger
a - Flame Tongue          Conj/Fire      ##...        10%         1    None
b - Throw Flame           Conj/Fire      ##....       14%         2    ##.....
c - Conjure Flame         Conj/Fire      ##......     28%         3    ###....


Dungeon Overview and Level Annotations

Branches:
Dungeon (2/15)

Altars:
Qazlal

Annotations:
D:2 Natasha


Message History

Aim: Natasha (almost dead)
The flame tongue hits Natasha.
Natasha is almost dead.
Natasha completely misses you.
Unknown command.
You miss Natasha.
Natasha is almost dead.
The bat hits you but does no damage. Natasha claws you.
The crimson imp hits you.
* * * LOW HITPOINT WARNING * * *
A kobold comes into view. It is wielding a dagger.
Unknown command.
Drink which item? (? for menu, Esc to quit)
It was a potion of agility.
You feel agile all of a sudden. The bat barely misses you.
Natasha closely misses you.
The crimson imp blinks!
You closely miss Natasha.
Natasha is almost dead.
The bat hits you but does no damage. Natasha claws you.
You die...

#.#.......#
#.#...#.#.# #
#.#...#.#.#
...<#####.##....#.#
.#
#...............#.###
#.##
....#..#####)#.##...
...g## #. #.
###.......# .....# #
.. .....#b##.##)K....
#. ##...§@hs.......#
# ......###.#5#...#
###.### #.(....# #.#
###.#### #.# ..# ....
..#b# P..P♣ ≈≈≈≈≈


You could see Natasha, a crimson imp, a giant cockroach, 2 bats and a kobold
(wandering).

Vanquished Creatures
  An adder (D:2)
  A worm (D:2)
  A giant gecko (D:2)
  5 giant cockroaches
  3 hobgoblins
  2 jackals (D:1)
  3 bats
  2 giant newts (D:1)
  4 goblins
  6 kobolds
  3 rats
31 creatures vanquished.

Notes
Turn   | Place    | Note
--------------------------------------------------------------
     0 | D:1      | Kidiri the Deep Elf Fire Elementalist began the quest for the Orb.
     0 | D:1      | Reached XP level 1. HP: 10/10 MP: 6/6
   382 | D:1      | Reached XP level 2. HP: 15/15 MP: 8/8
   390 | D:1      | Learned a level 2 spell: Throw Flame
  1087 | D:2      | Reached skill level 1 in Armour
  1110 | D:2      | Found a faded altar to an unknown god.
  1121 | D:2      | Reached XP level 3. HP: 18/20 MP: 4/9
  1133 | D:2      | Learned a level 3 spell: Conjure Flame
  1273 | D:2      | Found a stormy altar of Qazlal.
  1474 | D:2      | Noticed Natasha
  1484 | D:2      | Slain by Natasha

Vault maps used:
D:1:      minmay_arrival_hallway
D:2:      lemuel_upstairs_altar, nicolae_overflow_crystal_walls, first_bread,
          ecumenical_altar_2, serial_bayou_pond_b, uniq_natasha

Action                   || total
-------------------------++-------
Melee: Dagger            ||    13
       Spear             ||    33
 Cast: Flame Tongue      ||    29
       Throw Flame       ||     8
  Use: Potion            ||     4
       Scroll            ||     3
 Stab: Sleeping          ||    11
  Eat: Chunk             ||     2
